 Dungeon Crawl Stone Soup version 0.24-a0-445-gd5110b030a (webtiles) character file.

Game seed: 4811500687852782308

260 Krouwed the Firebug (level 6, -3/46 HPs)
             Began as a Human Fire Elementalist on June 22, 2019.
             Killed from afar by an orc wizard (5 damage)
             ... with a puff of frost
             ... on level 4 of the Dungeon.
             The game lasted 00:20:33 (3321 turns).

Krouwed the Firebug (Human Fire Elementalist)       Turns: 3321, Time: 00:20:34

Health: -3/46      AC:  3    Str:  8    XL:     6   Next: 41%
Magic:  4/10       EV: 12    Int: 17    God:
Gold:   262        SH:  4    Dex: 14    Spells: 1/11 levels left

rFire    . . .     SeeInvis .   f - +0 short sword
rCold    . . .     Gourm    .   (no shield)
rNeg     . . .     Faith    .   a - +0 robe
rPois    .         Spirit   .   (no helmet)
rElec    .         Reflect  +   (no cloak)
rCorr    .         Harm     .   k - +0 pair of gloves
MR       .....                  (no boots)
Stlth    ++........             d - +4 amulet of reflection
HPRegen  0.15/turn              (no ring)
MPRegen  0.12/turn              (no ring)

@: hasted, very quick
A: no striking features
a: no special abilities


You were on level 4 of the Dungeon.
You were not hungry.

You visited 1 branch of the dungeon, and saw 4 of its levels.
You also visited: Sewer.

You collected 262 gold pieces.

Inventory:

Hand Weapons
 f - a +0 short sword (weapon)
Missiles
 s - a poisoned dart (quivered)
Armour
 a - a +0 robe (worn)
 k - a +0 pair of gloves (worn)
Jewellery
 d - a +4 amulet of reflection (around neck)
 n - a +2 ring of protection {unknown}
Scrolls
 b - a scroll of enchant weapon {unknown}
 e - a scroll of fog {unknown}
 g - a scroll of amnesia {unknown}
 i - a scroll of teleportation {unknown}
 j - 2 scrolls of blinking
 l - 2 scrolls of remove curse {unknown}
 u - a scroll of enchant armour {unknown}
Potions
 h - 2 potions of curing
 p - a potion of cancellation {unknown}
 q - 2 potions of heal wounds {unknown}
 r - 2 potions of might {unknown}
 t - a potion of experience {unknown}
Comestibles
 c - 13 rations
 m - a chunk of flesh


   Skills:
 + Level 2.6 Fighting
 - Level 2.0 Dodging
 - Level 2.0 Stealth
 + Level 3.2 Spellcasting
 + Level 3.0 Conjurations
 + Level 4.2 Fire Magic


You had one spell level left.
You knew the following spells:

 Your Spells              Type           Power        Failure   Level  Hunger
a - Flame Tongue          Conj/Fire      ###..        3%          1    None
b - Throw Flame           Conj/Fire      ###...       6%          2    ##.....
c - Conjure Flame         Conj/Fire      ###.....     12%         3    ###....
d - Sticky Flame          Conj/Fire      ###.....     36%         4    ####...

Your spell library contained the following spells:

 Spells                   Type           Power        Failure   Level  Hunger
 Inner Flame              Hex/Fire       ##......     22%         3    ###....
 Fireball                 Conj/Fire      ###.......   71%         5    ######.


Dungeon Overview and Level Annotations

Branches:
Dungeon (4/15)
 Temple: D:4-7

Altars:
Kikubaaqudgha
The Shining One


Message History

The puff of flame hits you!
A puff of flame appears from out of thin air!
The puff of flame hits you. Something hits you. Something barely misses you.
Something hits you. Something hits you but does no damage.
Something hits you but does no damage.
A magic dart appears from out of thin air!
The magic dart hits you!
* * * LOW HITPOINT WARNING * * *
You feel yourself speed up.
You hear some strange, mumbled words.
A puff of frost appears from out of thin air!
The puff of frost hits you!
* * * LOW HITPOINT WARNING * * *
You hear some strange, mumbled words.
A puff of frost appears from out of thin air!
The puff of frost hits you.
You die...

##..##
#..#..............
##...#
#.###...##.####...
#....#
#..#....##.# ##.#
##...###
#..........# #.#
##....#
#....)..#### ..
#....##
#.....(......
##[...#
#.#{.........
#....##
#)...........
##....#
#@###########
##...###.#
##...)..# ########


There were no monsters in sight!

Vanquished Creatures
  A scorpion (D:4)
  Terence (D:3)
  7 adders
  2 oozes
  5 worms
  A dart slug (D:3)
  A leopard gecko (D:2)
  7 orcs (D:4)
  3 goblins (D:1)
  8 hobgoblins
  13 jackals
  11 kobolds
  2 ball pythons (Sewer)
  9 bats
  4 frilled lizards
  A leopard gecko skeleton (D:3)
  16 rats
92 creatures vanquished.

Notes
Turn   | Place    | Note
-------+----------+-------------------------------------------
     0 | D:1      | Krouwed the Human Fire Elementalist began the quest for the
                  | Orb.
     0 | D:1      | Reached XP level 1. HP: 13/13 MP: 3/3
   129 | D:1      | Reached XP level 2. HP: 18/20 MP: 0/5
   298 | D:1      | Reached skill level 1 in Fighting
   298 | D:1      | Reached XP level 3. HP: 20/26 MP: 0/6
   302 | D:1      | Learned a level 2 spell: Throw Flame
   306 | D:1      | Learned a level 3 spell: Conjure Flame
  1014 | D:2      | Reached XP level 4. HP: 32/32 MP: 2/7
  1593 | D:3      | Found an ancient bone altar of Kikubaaqudgha.
  1713 | D:3      | Noticed Terence
  1781 | D:3      | Killed Terence
  1781 | D:3      | Reached XP level 5. HP: 38/38 MP: 2/9
  2006 | D:3      | Found a glowing drain.
  2015 | Sewer    | Entered a sewer
  2382 | Sewer    | Reached skill level 4 in Fire Magic
  2406 | Sewer    | Learned a level 4 spell: Sticky Flame
  2820 | D:3      | Reached XP level 6. HP: 41/44 MP: 7/10
  3084 | D:4      | Found a glowing golden altar of the Shining One.
  3321 | D:4      | HP: 2/46 [something/puff of frost (8)]
  3321 | D:4      | Killed from afar by an orc wizard

Levels and vault maps discovered:
D:1:      scummos_arrival_star, layout_basic, serial_forest,
          infiniplex_forest_straight_3, infiniplex_forest_lined_2,
          infiniplex_forest_clump_diagonal, infiniplex_forest_end_double,
          infiniplex_forest_clump_curved, infiniplex_forest_straight_2,
          minmay_tree_intersection, minmay_domino_4
D:2:      layout_rooms
D:3:      layout_rooms, overflow_temple_1_default, cheibrodos_sewer_entry_bend,
          kennysheep_decorative_pillar, uniq_terence
D:4:      layout_loops_ring, marbit_many_paths, first_ration,
          nicolae_tso_carved_into_rock

Skill      XL: |  1  2  3  4  5  6 |
---------------+-------------------+-----
Fighting       | 1 2 |  2.6
Conjurations   | 2 3 |  3.0
Spellcasting   | 3 |  3.2
Fire Magic     | 4 |  4.2
Dodging        | |  2.0
Stealth        | |  2.0

Action                   |  1- 3 |  4- 6 || total
-------------------------+-------+-------++-------
Melee: Short sword       |    48 |    86 ||   134
Throw: Dart              |    12 |    18 ||    30
 Cast: Flame Tongue      |    29 |    54 ||    83
       Throw Flame       |     8 |    27 ||    35
  Use: Scroll            |     2 |     2 ||     4
       Potion            |       |     1 ||     1
 Stab: Sleeping          |       |     2 ||     2
  Eat: Chunk             |     1 |    10 ||    11
Armor: Robe              |    13 |    29 ||    42
Dodge: Dodged            |    31 |    91 ||   122
Block: Other             |     2 |    33 ||    35

Table legend:
 A = Non-vault XP
 B = Vault XP
 C = Vault XP percentage of total XP
 D = Non-vault monster count
 E = Vault monster count
 F = Vault count percentage of total count
                 A         B        C        D         E       F
            +---------+---------+-------+---------+---------+-------
      Total |     249 |     123 |  33.1 |      71 |      21 |  22.8
            +---------+---------+-------+---------+---------+-------
        D:1 |      51 |       1 |   1.9 |      29 |       1 |   3.3
        D:2 |      58 |       0 |   0.0 |      24 |       0 |   0.0
        D:3 |      45 |      46 |  50.5 |      10 |       3 |  23.1
        D:4 |      95 |       0 |   0.0 |       8 |       0 |   0.0
      Sewer |       0 |      76 | 100.0 |       0 |      17 | 100.0
            +---------+---------+-------+---------+---------+-------
